Cogmind - Beta 13 @@@ ROGUE MODE // 2024.04.19 @ 18:44:21 Player: Body_Elektric Result: Destroyed by as-88685 with Assembled Blade Performance ------------- Evolutions (0) 0 Regions Visited (4) 800 Robots Destroyed (34) 170 Value Destroyed (518) 518 Prototype IDs (39) 780 Alien Tech Used (0) 0 Bonus (287) 287 TOTAL SCORE: 2555 Bonus ------- Aligned with FarCom 300 Friendly Fire -13 Cogmind --------- Core Integrity 0/250 Matter 263/300 Energy 93/100 System Corruption 8% Temperature Hot (214) Movement Rolling (110) Ox2 Location -9/Mines Parts ------- > --- POWER (1) -------- (None) > --- PROPULSION (2) --- Wheel > --- UTILITY (2) ------ Large Storage Unit Utility Shielding > --- WEAPON (2) ------- (None) > --- INVENTORY (15) --- Ion Engine Light Treads High-capacity Matter Pod (200) Seismic Detector Hacking Suite Trap Reconfigurator Light Assault Rifle Light Assault Rifle Light Assault Rifle Datajack Mining Laser Peak State ------------ > --- POWER ------------ Ion Engine > --- PROPULSION ------- Light Treads Light Treads > --- UTILITY ---------- Large Storage Unit Utility Shielding > --- WEAPON ----------- Assault Rifle Makeshift Shrapnel Gun > --- INVENTORY -------- Ion Engine Wheel Wheel High-capacity Matter Pod Seismic Detector Hacking Suite Trap Reconfigurator Medium Laser Light Assault Rifle Light Assault Rifle Light Assault Rifle Datajack Mining Laser [Rating: 12] Favorites ----------- Power Ion Engine Engine Ion Engine Propulsion Light Treads Treads Light Treads Wheel Wheel Utility Seismic Detector Device Seismic Detector Storage Large Storage Unit Protection Utility Shielding Weapon Medium Laser Energy Gun Medium Laser Ballistic Gun Assault Rifle Special Weapon Mining Laser Special Melee Weapon Datajack Build | -11 -10 -10 -10 -9 ------- Run | Yrd Mat Min Exi Min Slots Evolved . | . . . . . Power . | . . . . . Propulsion . | . . . . . Utility . | . . . . . Weapon . | . . . . . Parts Attached 24 | 7 8 2 3 4 Power 1 | 1 . . . . Engine 1 | 1 . . . . Core . | . . . . . Reactor . | . . . . . Propulsion 6 | 2 2 . . 2 Treads 4 | 2 2 . . . Leg . | . . . . . Wheel 2 | . . . . 2 Hover . | . . . . . Flight . | . . . . . Utility 7 | 2 3 1 . 1 Device 4 | 1 2 1 . . Storage 2 | 1 1 . . . Processor . | . . . . . Hackware . | . . . . . Protection 1 | . . . . 1 Artifact . | . . . . . Weapon 10 | 2 3 1 3 1 Energy Gun 5 | 2 2 . 1 . Energy Cannon . | . . . . . Ballistic Gun 3 | . . 1 1 1 Ballistic Cannon . | . . . . . Launcher . | . . . . . Special Weapon 1 | . 1 . . . Impact Weapon . | . . . . . Slashing Weapon . | . . . . . Piercing Weapon . | . . . . . Special Melee Weapon 1 | . . . 1 . Unidentified Prototypes . | . . . . . Parts Lost 6 | . . 1 . 5 Power 1 | . . . . 1 Propulsion 2 | . . . . 2 Utility 1 | . . 1 . . Weapon 2 | . . . . 2 Highest Loss Streak 5 | . . 1 . 5 To Critical Strikes . | . . . . . Average Slot Usage (%) 97 | . 99 99 83 98 Engine 13 | . 14 14 14 13 Treads 27 | . 27 28 28 26 Device 12 | . 14 13 14 1 Storage 14 | . 14 14 14 14 Protection 1 | . . . . 12 Energy Gun 18 | . 26 16 . 2 Ballistic Gun 5 | . . 11 . 24 Special Melee Weapon 1 | . . . 12 . Naked Turns . | . . . . . Heaviest Build 30 | 15 30 30 30 30 Greatest Support 40 | 40 40 40 40 40 Greatest Overweight (x) 7 | . . . . 7 Average Overweight (x) . | . . . . . Largest Inventory Capacity 15 | 8 15 15 15 15 Average Capacity 13 | 7 13 15 15 15 Most Carried 13 | 5 12 13 13 13 Average Carried 9 | 2 8 11 12 11 Final Capacity 15 | 8 15 15 15 15 Final Carried 13 | 4 12 13 12 11 Class Distribution -------------------- 100% | Mutant Dominant Class ---------------- Mutant | -10/Materials Mutant | -10/Mines Mutant | -10/Exiles Mutant | -9/Mines Resources | -11 -10 -10 -10 -9 ----------- Run | Yrd Mat Min Exi Min Matter Collected 741 | 315 286 75 30 35 Remotely . | . . . . . Salvage Created 1088 | 127 749 197 . 15 Parts 62 | 10 32 20 . . Haulers Intercepted 2 | . 2 . . . Recyclers Shooed 3 | . 3 . . . Parts Field Recycled . | . . . . . Retrieved Matter . | . . . . . Parts Self-Destructed . | . . . . . Prevented . | . . . . . Kills | -11 -10 -10 -10 -9 ------- Run | Yrd Mat Min Exi Min Combat Hostiles Destroyed 20 | . 12 7 . 1 Guns 19 | . 11 7 . 1 Classes Destroyed 9 | 3 5 . . 1 Worker 3 | 1 2 . . . Tunneler 3 | 2 . 1 . . Hauler 2 | . 2 . . . Recycler 3 | 1 2 . . . Operator 1 | . 1 . . . Watcher 3 | . 3 . . . Swarmer 11 | . 6 5 . . Grunt 8 | . 6 2 . . Assembled 1 | . . . . 1 Best Kill Streak 4 | 2 4 3 . 1 Combat Bots Only 4 | . 4 3 . 1 Max Kills in Single Turn 2 | 1 2 2 . 1 Gunslinging 1 | . . 1 . . Exploded . | . . . . . Melee . | . . . . . Uniques/NPCs Destroyed . | . . . . . Combat | -11 -10 -10 -10 -9 -------- Run | Yrd Mat Min Exi Min Hostile Shots Fired 139 | . 54 34 . 51 Missed 42 | . 14 10 . 18 Damage Taken 1185 | . 406 217 . 562 Core 261 | . 90 . . 171 Absorbed by Shields . | . . . . . Redirected to Shielding 22 | . . . . 22 Regen/Repaired (Parts) 195 | . 195 . . . Core Remaining (%) 100 | 100 . . . . Volleys Fired 106 | 11 74 18 . 3 Largest 2 | 2 2 2 . 2 Hottest 100 | 90 100 70 . 44 Shots Fired 195 | 15 138 36 . 6 Gun 186 | 15 129 36 . 6 Cannon . | . . . . . Launcher . | . . . . . Special 9 | . 9 . . . Kinetic 24 | . . 18 . 6 Thermal 167 | 11 138 18 . . Explosive . | . . . . . Electromagnetic 4 | 4 . . . . Robot Hit Streak 11 | 4 11 8 . 1 Robot Miss Streak 9 | 1 6 2 . 9 Penetration Max . | . . . . . Secondary Targets 3 | . 1 2 . . Max Gunslinging Chain 1 | . 1 1 . . Shots Hit Robots 113 | 10 74 24 4 1 Core Hits 53 | 4 33 11 . 5 Critical Kills . | . . . . . Critical Parts Destroyed . | . . . . . Critical Strikes 10 | . 8 2 . . Burn 10 | . 8 2 . . Melee Attacks 4 | . . . 4 . Impact . | . . . . . Slashing . | . . . . . Piercing . | . . . . . Sneak Attacks 4 | . . . 4 . Combat Hostiles . | . . . . . Follow-up Attacks . | . . . . . Damage Inflicted 1536 | 131 1009 332 . 64 Guns 1464 | 131 967 311 . 55 Cannons . | . . . . . Explosions . | . . . . . Melee . | . . . . . Ramming 72 | . 42 21 . 9 Kinetic 191 | . . 136 . 55 Thermal 1228 | 86 967 175 . . Explosive . | . . . . . Electromagnetic 45 | 45 . . . . Impact . | . . . . . Slashing . | . . . . . Piercing . | . . . . . Highest Corruption 8 | . 2 2 2 8 Average Corruption 2 | . 2 2 2 2 Corruption Purged . | . . . . . Corruption Blocked . | . . . . . Effects 38 | . 10 15 6 7 Message Errors 7 | . 1 6 . . Matter Fused 9 | . 3 2 2 2 Heat Flow Errors 10 | . 2 2 2 4 Energy Discharges 4 | . 1 1 2 . Parts Fused 1 | . . 1 . . Data Loss (minor) 2 | . . 2 . . Data Loss (major) 1 | . . . . 1 Misfires 1 | . 1 . . . Alerts 1 | . . 1 . . Weapon Failures 2 | . 2 . . . Overload Shots . | . . . . . Overflow Damage . | . . . . . Projectiles . | . . . . . Explosions . | . . . . . Melee . | . . . . . Knockbacks . | . . . . . Impact . | . . . . . Kinetic . | . . . . . Secondary . | . . . . . Self-Inflicted Damage . | . . . . . Shots . | . . . . . Rammed 14 | . 11 2 . 1 Targets Rammed 14 | . 11 2 . 1 Kicked . | . . . . . Crushed . | . . . . . Highest Temperature 276 | 60 276 240 131 243 Average Temperature 71 | 18 74 57 68 120 Received Heat Transfer 192 | . 147 45 . . Siege Activations . | . . . . . Robots Corrupted . | . . . . . Combat Hostiles . | . . . . . Parts Fried . | . . . . . Impact Corruptions . | . . . . . Robots Melted 2 | . 2 . . . Combat Hostiles 1 | . 1 . . . Parts Melted 14 | . 12 2 . . Heat Transferred 4366 | 259 3441 666 . . Parts Sabotaged . | . . . . . Parts Stolen . | . . . . . Parts Stripped . | . . . . . Power Chain Reactions . | . . . . . Alert | -11 -10 -10 -10 -9 ------- Run | Yrd Mat Min Exi Min Peak Influence 169 | 20 169 70 . . Initial 13 | . 13 1 . . Average 33 | 10 42 31 . . Maximum Alert Level . | . . . . . Low Security (%) 100 | 100 100 100 . 100 Level 1 . | . . . . . Level 2 . | . . . . . Level 3 . | . . . . . Level 4 . | . . . . . Level 5 . | . . . . . High Security . | . . . . . Max Security . | . . . . . Squads Dispatched 4 | . 4 . . . Investigation 3 | . 3 . . . Extermination . | . . . . . Reinforcement 1 | . 1 . . . Assault . | . . . . . Garrison . | . . . . . Intercept . | . . . . . Searches Triggered . | . . . . . Construction Impeded . | . . . . . Haulers Reinforced . | . . . . . Active Scanning Responses . | . . . . . Cargo Convoy Interrupts . | . . . . . Stealth | -11 -10 -10 -10 -9 --------- Run | Yrd Mat Min Exi Min Distress Signals 1 | . . 1 . . Communications Jammed . | . . . . . Distress Signals . | . . . . . Times Spotted 54 | . 27 8 . 19 Peak Tracking Total 13 | . 5 3 . 13 Tactical Retreats 1 | . 1 . . . Traps | -11 -10 -10 -10 -9 ------- Run | Yrd Mat Min Exi Min Traps Triggered 1 | . 1 . . . Indirectly . | . . . . . Trap Hack Attempts . | . . . . . Triggered . | . . . . . Disarmed . | . . . . . Reprogrammed . | . . . . . Reused . | . . . . . Traps Extracted . | . . . . . Installed . | . . . . . Triggered . | . . . . . Machines | -11 -10 -10 -10 -9 ---------- Run | Yrd Mat Min Exi Min Machines Disabled . | . . . . . Max in Single Turn . | . . . . . Machines Repaired . | . . . . . Machines Dismantled . | . . . . . Machines Sabotaged . | . . . . . Overloaded Fab Kills . | . . . . . Hacking | -11 -10 -10 -10 -9 --------- Run | Yrd Mat Min Exi Min Machines Accessed 10 | . 8 . 2 . Terminals 6 | . 6 . . . Fabricators . | . . . . . Repair Stations 1 | . 1 . . . Recycling Units 1 | . 1 . . . Scanalyzers . | . . . . . Garrison Access . | . . . . . Total Hacks 38 | . 36 . 2 . Successful 21 | . 19 . 2 . Failed 16 | . 16 . . . Catastrophic . | . . . . . Database Lockouts 1 | . 1 . . . Manual 20 | . 18 . 2 . Terminals 29 | . 29 . . . Fabricators . | . . . . . Repair Stations 4 | . 4 . . . Recycling Units 3 | . 3 . . . Scanalyzers . | . . . . . Garrison Access . | . . . . . Terminal Hacks 11 | . 9 . 2 . Record 1 | . . . 1 . Part Schematic 2 | . 2 . . . Prototype ID Bank 1 | . 1 . . . Terminal Index 1 | . 1 . . . Locate Traps 2 | . 2 . . . Dispatch Records 2 | . 2 . . . Transport Status 1 | . 1 . . . Derelict Proto ID Bank 1 | . . . 1 . Fabricator Hacks . | . . . . . Repair Station Hacks 4 | . 4 . . . Scan Component 2 | . 2 . . . Repair 2 | . 2 . . . Recycling Unit Hacks 3 | . 3 . . . Process 1 | . 1 . . . Report Inventory 1 | . 1 . . . Retrieve Matter 1 | . 1 . . . Scanalyzer . | . . . . . Garrison Access Hacks . | . . . . . Unauthorized Hacks 3 | . 3 . . . Terminals 3 | . 3 . . . Botnet 3 | . 3 . . . Fabricators . | . . . . . Repair Stations . | . . . . . Recycling Units . | . . . . . Scanalyzers . | . . . . . Garrison Access . | . . . . . Data Cores Recovered . | . . . . . Used . | . . . . . Hacking Detections 8 | . 8 . . . Full Trace Events 4 | . 4 . . . Feedback Events . | . . . . . Feedback Blocked . | . . . . . Robot Schematics Acquired . | . . . . . Robots Built . | . . . . . Authchips . | . . . . . Time . | . . . . . Total Robot Build Rating . | . . . . . Part Schematics Acquired 2 | . 2 . . . Parts Built . | . . . . . Authchips . | . . . . . Time . | . . . . . Total Part Build Rating . | . . . . . Parts Repaired 2 | . 2 . . . Time 52 | . 52 . . . Parts Recycled . | . . . . . Recycled Matter 127 | . 127 . . . Retrieved Matter 127 | . 127 . . . Retrieved Components . | . . . . . Parts Scanalyzed . | . . . . . Part Schematics Acquired . | . . . . . Parts Damaged . | . . . . . Bothacking | -11 -10 -10 -10 -9 ------------ Run | Yrd Mat Min Exi Min Used RIF Installer . | . . . . . Robots Hacked 4 | . . . 4 . Non-combat 3 | . . . 3 . Combat 1 | . . . 1 . Robot Hacks Applied 4 | . . . 4 . parse_system 4 | . . . 4 . Relay Couplers Released . | . . . . . Fabnet Peak Effective % . | . . . . . Robots Rewired . | . . . . . Allies Hacked . | . . . . . Hacks Repelled . | . . . . . Allies | -11 -10 -10 -10 -9 -------- Run | Yrd Mat Min Exi Min Total Allies 3 | . . . . 3 Largest Group 3 | . . . . 3 Highest-Rated Group 40 | . . . . 40 Highest-Rated Ally 16 | . . . . 16 Total Orders . | . . . . . Ally Attacks 8 | . . . . 8 Total Damage 91 | . . . . 91 Kills . | . . . . . Allies Corrupted . | . . . . . Allies Melted . | . . . . . Intel | -11 -10 -10 -10 -9 ------- Run | Yrd Mat Min Exi Min Robot Analysis Total . | . . . . . Derelict Logs Recovered 2 | . . 1 . 1 Drone Launches . | . . . . . Drone Recoveries . | . . . . . Exploration | -11 -10 -10 -10 -9 ------------- Run | Yrd Mat Min Exi Min Turns Passed 4469 | 227 2152 1139 584 367 Spaces Moved 2449 | 118 1099 654 358 220 Core 5 | 4 . . . 1 Treads 2434 | 114 1099 654 358 209 Legs . | . . . . . Wheels 10 | . . . . 10 Hover . | . . . . . Flight . | . . . . . Fastest Speed 50 | 50 160 160 160 110 Average Speed 159 | 156 160 160 160 158 Slowest Speed 400 | 160 160 160 160 400 Overloaded Moves . | . . . . . Propulsion Burnouts . | . . . . . Robots Hopped . | . . . . . Cave-ins Triggered . | . . . . . Exploration Rate (%) 63 | 7 99 98 66 49 Regions Visited 4 Branch Regions 3 Pre-discovered Areas 1 | . . . 1 . Known Exits Taken . | . . . . . Unknown Exits Taken 4 | 1 1 1 1 . Scrap Searched 3 | . . 1 . 2 Spaces Dug 9 | . 9 . . . Terrain Destroyed 9 | . 9 . . . Melee . | . . . . . Projectile 9 | . 9 . . . AOE . | . . . . . Terrain Rammed . | . . . . . Walls Destroyed . | . . . . . Machines Disabled . | . . . . . Actions | -11 -10 -10 -10 -9 --------- Run | Yrd Mat Min Exi Min Total 2780 | 143 1329 711 367 230 Wait 145 | . 115 30 . . Move 2445 | 117 1098 653 357 220 Hop . | . . . . . Pick Up 26 | 6 15 2 2 1 Fast Attach 9 | 7 2 . . . Attach 4 | . . 1 2 1 Detach 2 | . . 2 . . Swap 11 | . 6 1 1 3 Drop 14 | 2 8 2 1 1 Fire 106 | 11 74 18 . 3 Melee 4 | . . . 4 . Ram . | . . . . . Kick . | . . . . . Crush 14 | . 11 2 . 1 Escape Stasis . | . . . . . Rewire . | . . . . . Trap . | . . . . . Miscellaneous . | . . . . . Route ------- -11/Scrapyard -10/Materials (discovered 5 exits: [*Mat x3] / [*Min x2]) -10/Mines (discovered 4 exits: [*Mat x2] / *Exi / [*Sub]) -10/Exiles (discovered 2 exits: [*Min x2]) -9/Mines (discovered 1 exit: [*Mat]) History --------- Turn | Location | Event 14 | -11/Scrapyard | Discovered new exit (range 16) 228 | -11/Scrapyard | Entered Materials 310 | -10/Materials | Build established: Mutant 598 | -10/Materials | Discovered new exit (range 16) 834 | -10/Materials | Discovered new exit (range 8) 1219 | -10/Materials | Repaired Lgt. Treads 1247 | -10/Materials | Repaired Lgt. Treads 1492 | -10/Materials | Discovered new exit (range 9) 1582 | -10/Materials | Central database locked down 1690 | -10/Materials | Discovered new exit (range 12) 2309 | -10/Materials | Discovered new exit (range 12) 2380 | -10/Materials | Entered Mines 2858 | -10/Mines | Discovered new exit (range 10) 2889 | -10/Mines | Discovered new exit (range 15) 2901 | -10/Mines | Learned 2 Materials zone layouts 2921 | -10/Mines | Deemed a non-threat by the Exiles lab entrance 3360 | -10/Mines | Discovered new exit (range 7) 3508 | -10/Mines | Discovered new exit (range 5) 3519 | -10/Mines | Entered Exiles 3545 | -10/Exiles | Discovered new exit (range 14) 3567 | -10/Exiles | Met 8R-AWN 3588 | -10/Exiles | Met EX-HEX 3688 | -10/Exiles | Met EX-BIN 3707 | -10/Exiles | Met EX-DEC 3759 | -10/Exiles | Learned location of Zion (-6) 3837 | -10/Exiles | Aligned with FarCom system 3838 | -10/Exiles | Given EX-Vault access code 3886 | -10/Exiles | Opened EX-Vault 3906 | -10/Exiles | Found Supersonic Drone Bay 3909 | -10/Exiles | Found Trap Reconfigurator 3948 | -10/Exiles | Warned to stay clear of 0b10 Research branches 4087 | -10/Exiles | Discovered new exit (range 10) 4103 | -10/Exiles | Left Exiles lab with Trap Reconfigurator 4103 | -10/Exiles | Entered Mines 4106 | -9/Mines | Met a Derelict bent on vengeance 4167 | -9/Mines | A weapon hastily lodged in a ceiling crevice suddenly fell to the ground 4319 | -9/Mines | Learned Materials stockpile data 4343 | -9/Mines | Assisted by bots powering up and referring to "LRC-V3" 4435 | -9/Mines | Assembled infested the area 4440 | -9/Mines | Assisted by a Guerilla fighting off Assembled 4459 | -9/Mines | Core integrity fell below 50% 4468 | -9/Mines | Core integrity fell below 20% 4468 | -9/Mines | Discovered new exit (range 8) 4470 | -9/Mines | Destroyed by as-88685 with Assembled Blade Last Messages --------------- 04446_ as-23080 destroyed. 04446_ D-53 Grenadier destroyed. 04446_ as-34004 destroyed. 04447_ D-53 Grenadier destroyed. 04452_ Trooper 2a destroyed. 04452_ as-50397 destroyed. 04456_ Assault Rifle destroyed. 04457_ U-05 Engineer destroyed. 04459_ Knocked back. 04461_ Ion Engine destroyed. 04461_ System corrupted by crushing effect (+5). 04463_ Wheel destroyed. 04463_ as-69042 destroyed. 04466_ The unstable cave ceiling collapses. 04467_ Mak. Shrapnel Gun destroyed. 04467_ System corrupted by crushing effect (+1). 04467_ Lgt. Treads destroyed. 04468_ EXIT=FOUND 04469_ System corrupted: Heat flow error (+239). 04469_ K-01 Serf collects debris. Map ----- +----------------------------------------------------+ | ???????????????????????????????????????? | | ???????????????????????????????????????? | | ???????????????????????????????????????? | | ???????????????????????????????????????? | | ???????????????????????????????????????? | | ???????????????????????????????????????? | | ???????????????????????????????????????? | | ???????????????????????????????????????? | | ???????????????????????????????????????? | | ???????????????????????????????????????? | | ???????????????????????????????????????? | | ???????????????????????????????????????? | | ???????????????????????????????????????? | | ???????????????#????##?????????????????? | | ?????????????? ???# ?????????????????? | | ?????????????? ?## #????????????????? | | ??????????????? a## ! ###?????????????? | | ????????????????=% %%[ ##????#???????? | | ????????????????? a a ##?? #???????? | | ?????????????????## %a% ##? #???????? | | ?????????????????# %= # ## #???????? | | ?????????????????## %%# # #???????? | | ?????????????????# a # ##??????? | | ??????????????????# aau % ## #??? | | ??????????????????## aa #?? | | ??????????????????# [% a@% #? | | ??????????????????## %a #;k #? | | ???????????????????## ##; ## #?? | | ????????????????????# ### ##?????? | | ????????????????????# #?? < #??????? | | ????????????????????# #?? #??????? | | ????????????????????#! #?? #?????? | | ##???????######?????#%*#?? #????? | | ###### ##????#! #?? #;# #???? | | ??# #????# #???#### #???? | | ??# #????# #???????## ##???? | | ????##### ##???## ##????????##????? | | ????????## #????# ##?????????????? | | ?????????## ##???# #?????????????? | | ??????????## ##?## #?????????????? | | ???????????## ### ##?????????????? | | ????????????## #??????????????? | | ?????????????# #??????????????? | | ?????????????# #??????????????? | | ?????????????## ##??????????????? | | ??????????????## ### ##???????????????? | | ???????????##### ### #????????????????? | | ?????####### #????????????????? | | #????# #####????????????????? | | ##???# ####????????????????? | +----------------------------------------------------+ Best States ------------- Heat Dissipation 35 Energy Generation 10 Energy Capacity 250 Matter Stores 300 Matter Capacity 300 Sight Range 16 Terrain Scan Density 10 Utility Shielding 33 Evasion (%) 40 Recoil Reduction 2 Item Schematics ----------------- Structural Scanner | -10/Materials | Hacked Seismic Detector | -10/Materials | Hacked Robot Schematics ------------------ None Fabricated ------------ Nothing Alien Tech Used ----------------- None Achievements -------------- None Challenges ------------ None Game ------ Seed CoreForceShielding Manual? 0 Play Time 00:37:53 Cumulative 37.9 hours Start 2024.04.19 @ 17:18:41 End 2024.04.19 @ 18:44:21 Sessions 1 Manual Loads 0 Difficulty Rogue Special Mode None Game No. 22 Rogue 22 Adventurer 0 Explorer 0 Win Type - Total 0 Types 0/0/0/0/0/0/0/0/0 Lore% 27 Gallery% 28 Achievement% 25 Wizard Run 0 Options --------- Layout 1 ASCII 0 Keyboard 0 Movement Arrows Keybinds 0 Fullscreen 1 Font 16/SmallcapsGlow Map View 55x38 Zoom Use 0% Tactical HUD 1 Map Filters NONE Filters NONE Steam 0 RUN: 71b7b989-7387-4daa-8af7-94fa0258f001